 Dungeon Crawl Stone Soup version 0.32-a0-913-g739538afd8 (webtiles) character file.

Game seed: 17084512988177392732

18125 Pooter the Cleaver (level 12, -7/108 HPs)
             Began as a Minotaur Berserker on Apr 8, 2024.
             Was a Priest of Trog.
             Mangled by Fannar
             ... wielding a staff of cold
              (8 damage)
             ... on level 2 of the Lair of Beasts.
             The game lasted 01:04:56 (12530 turns).

Pooter the Cleaver (Minotaur Berserker)            Turns: 12530, Time: 01:04:56

Health: -7/108     AC: 20    Str: 25    XL:     12   Next: 24%
Magic:  11/11      EV:  6    Int:  4    God:    Trog [***...]
Gold:   655        SH:  0    Dex: 12    Spells: 11/11 levels left

rFire   . . .        a - +0 battleaxe
rCold   . . .        (shield currently unavailable)
rNeg    . . .        B - +5 plate armour
rPois   +            (helmet restricted)
rElec   .            d - +1 cloak
rCorr   .            (no gloves)
SInv    +            G - +0 pair of boots
Will    ++...        v - amulet of faith {!P} Stlth
                     S - ring of see invisible
HPRegen 1.38/turn    P - ring of poison resistance
MPRegen 0.12/turn

%: faith
@: lethally poisoned (-7 -> -15), strong-willed, on berserk cooldown,
regenerating, hasted and slowed
A: horns 2, retaliatory headbutt
a: Renounce Religion, Berserk, Trog's Hand


You were on level 2 of the Lair of Beasts.
You worshipped Trog.
Trog was most pleased with you.
You visited 2 branches of the dungeon, and saw 12 of its levels.
You also visited: Sewer.

You collected 1934 gold pieces.
You spent 1279 gold pieces at shops.

Inventory:

Hand Weapons
 a - a +0 battleaxe (weapon)
   (You bought it in a shop on level 10 of the Dungeon)
 b - the +4 longbow of Ziumext {drain, rElec rCorr Str+4 Dex+3}
   (You acquired it on level 1 of the Dungeon)

   Str+4:     It affects your strength (+4).
   Dex+3:     It affects your dexterity (+3).
   rElec:     It insulates you from electricity.
   rCorr:     It protects you from acid and corrosion.
 j - a +1 halberd
   (You took it off Grum on level 8 of the Dungeon)
 o - a +1 war axe
   (You took it off an orc on level 8 of the Dungeon)
 J - a +2 vampiric trident
   (You took it off Jeremiah on level 7 of the Dungeon)
 N - the +5 great mace of Currency {freeze, Str+5 Dex-3}
   (You bought it in a shop on level 10 of the Dungeon)

   Str+5:     It affects your strength (+5).
   Dex-3:     It affects your dexterity (-3).
Missiles
 g - 44 poisoned darts (quivered)
 y - 2 boomerangs
 K - 2 throwing nets {!f}
 Q - 89 stones
Armour
 d - a +1 cloak (worn)
   (You found it on level 1 of the Dungeon)
 B - a +5 plate armour (worn)
   (You found it on level 5 of the Dungeon)
 F - a +0 buckler of poison resistance
   (You found it on level 6 of the Dungeon)
 G - a +0 pair of boots (worn)
   (You found it on level 7 of the Dungeon)
 I - the +1 ring mail of Oleb {Str+7}
   (You took it off Grum on level 8 of the Dungeon)

   Str+7:     It affects your strength (+7).
Jewellery
 h - a ring of fire
   (You found it on level 1 of the Dungeon)
 v - an amulet of faith (around neck) {!P}
   (You found it on level 4 of the Dungeon)
 P - a ring of poison resistance (right hand)
   (You found it on level 6 of the Dungeon)
 S - a ring of see invisible (left hand)
   (You found it on level 1 of the Dungeon)
Wands
 e - a wand of quicksilver (5)
   (You took it off Maurice on level 8 of the Dungeon)
 f - a wand of flame (33)
   (You took it off a centaur on level 8 of the Dungeon)
 i - a wand of polymorph (4)
   (You found it on level 1 of the Lair of Beasts)
 u - a wand of paralysis (3)
   (You found it on level 10 of the Dungeon)
 z - a wand of warping (6)
   (You took it off Terence on level 3 of the Dungeon)
Scrolls
 c - 2 scrolls of noise {!r}
 k - 3 scrolls of immolation {!r}
 p - a scroll of revelation
 q - 2 scrolls of fog
 t - 5 scrolls of teleportation {@r4}
 w - a scroll of vulnerability {!r}
 E - a scroll of fear
Potions
 l - a potion of berserk rage
 m - 4 potions of heal wounds {@q2}
 n - 3 potions of curing {@q1}
 r - a potion of cancellation {unknown}
 s - a potion of might {unknown}
 x - 3 potions of lignification {!q}
 A - a potion of brilliance {unknown}
 C - a potion of attraction {unknown}
 D - 2 potions of resistance {unknown}
 H - 3 potions of haste {@q3}
 M - 2 potions of mutation {unknown}
 O - a potion of degeneration {unknown}


   Skills:
 + Level 10.6 Fighting
 * Level 14.5 Axes
 * Level 12.7 Ranged Weapons
 + Level 5.0 Armour
 - Level 2.1 Dodging
 + Level 6.6 Evocations


You had 11 spell levels left.
You didn't know any spells.
Your spell library was empty.

Dungeon Overview and Level Annotations

Branches:
Dungeon (10/15) Zot: 26249  Temple (0/1) D:6            Lair (2/5) D:9 Zot: 9991
  Sewer (visited)
  Swamp: Lair:2-3    Shoals: Lair:2-3     Snake: Lair:2-3    Spider: Lair:2-3
    Orc: D:9-12

Altars:
Ashenzari
Fedhas
Gozag
Nemelex Xobeh
Ru
Uskayaw
Wu Jian
Xom
Yredelemnul
The Shining One

Shops:
D:1 ?   D:4 (   D:10 (

Annotations:
Lair:2 Fannar


Innate Abilities, Weirdness & Mutations

You have a pair of horns on your head.
You reflexively headbutt those who attack you in melee.


Message History

You slash Fannar! You closely miss the black mamba.
The black mamba bites you but does no damage.
Fannar mumbles some strange words.
Fannar blinks!
You hit the black mamba. The black mamba closely misses you.
The black mamba bites you but does no damage.
Fannar points at you and mumbles some strange words.
The bolt of cold hits you!!
* * * LOW HITPOINT WARNING * * *
You barely miss the black mamba. Your headbutt misses the black mamba.
The black mamba bites you.
* * * LOW HITPOINT WARNING * * *
You are poisoned.
The black mamba poisons you!
The black mamba bites you but does no damage.
You miss the black mamba.
You feel very sick. The black mamba bites you!
* * * LOW HITPOINT WARNING * * *
You hit the black mamba.
You feel very sick.
The black mamba bites you but does no damage. x2
You miss the black mamba.
You feel very sick. The black mamba barely misses you.
The black mamba bites you but does no damage.
You closely miss Fannar. You barely miss the black mamba.
You feel sick. The black mamba barely misses you.
Fannar hits you but does no damage.
The black mamba bites you but does no damage.
Unknown command.
You hit Fannar. Your headbutt misses Fannar. You closely miss the black mamba.
Your extra speed is starting to run out.
You feel sick. The black mamba bites you!
* * * LOW HITPOINT WARNING * * *
You are more poisoned.
The black mamba poisons you! Fannar casts a spell at you.
The bolt of cold hits you.
* * * LOW HITPOINT WARNING * * *
Unknown command.
You barely miss Fannar. Your headbutt misses Fannar.
You barely miss the black mamba.
* * * LOW HITPOINT WARNING * * *
You feel very sick. The black mamba bites you!
* * * LOW HITPOINT WARNING * * *
The black mamba completely misses you. You furiously retaliate!
You headbutt the black mamba. Fannar hits you but does no damage.
Fannar freezes you!
You die...

#...... ......
.Y...## #......
......###.....
.......#.....##
..............# #
.........#...## .#.
#........#....#....
#........e........
#......#@........
#........#S.......
#.............#....
........#.....# ..
...............#
........P....$....
..................
................#..
.............##..


You could see Fannar, a black mamba and a yak.

Vanquished Creatures
  2 death yaks (Lair:2)
  A bog body (Lair:2)
  2 deep elf pyromancers
  Pikel (D:8)
  Maurice (D:8)
  A cyclops (D:8)
  2 black mambas
  A gargoyle (D:6)
  A torpor snail (Lair:2)
  4 komodo dragons
  Jeremiah (D:7)
  A rime drake (Lair:2)
  A yaktaur (D:8)
  4 hornets
  A shadow (D:9)
  24 yaks
  4 wyverns
  A vampire (D:10)
  2 steam dragons (D:8)
  Grum (D:8)
  Menkaure (D:7)
  A warg (D:9)
  An acid dragon (D:9)
  2 orc warriors
  9 water moccasins
  Pargi (Sewer)
  3 ice beasts
  2 black bears (D:8)
  A laughing skull (D:8)
  2 ogres
  13 wolves
  2 centaurs
  4 kobold brigands
  A brain worm (Sewer)
  5 bullfrogs
  2 wights (D:8)
  2 killer bees (D:8)
  3 howler monkeys
  A bombardier beetle (D:5)
  5 hounds
  11 orc priests
  2 gnoll boudas
  4 iguanas
  2 sleepcaps
  Terence (D:3)
  15 orc wizards
  7 adders
  11 gnolls
  3 white imps
  2 dart slugs (D:1)
  25 orcs
  12 bats
  6 endoplasms
  4 giant cockroaches (D:3)
  6 goblins
  8 hobgoblins
  7 jackals (D:4)
  6 quokkas
  5 ball pythons
  5 frilled lizards (D:1)
  17 kobolds
  5 rats
281 creatures vanquished.

Vanquished Creatures (others)
  An orc (D:5)
1 creature vanquished.

Grand Total: 282 creatures vanquished

Notes
Turn   | Place    | Note
-------+----------+-------------------------------------------
     0 | D:1      | Pooter the Minotaur Berserker began the quest for the Orb.
     0 | D:1      | Reached XP level 1. HP: 19/19 MP: 0/0
    31 | D:1      | Reached skill level 4 in Axes
    34 | D:1      | Reached XP level 2. HP: 20/27 MP: 1/1
   207 | D:1      | Found Xuret's Magic Scroll Shop.
   232 | D:1      | Reached ** piety under Trog
   253 | D:1      | Bought a scroll of noise for 11 gold pieces
   253 | D:1      | Bought a scroll of identify for 22 gold pieces
   421 | D:1      | Found a faded altar of an unknown god.
   480 | D:1      | Reached XP level 3. HP: 33/33 MP: 2/2
   937 | D:1      | Bought a scroll of identify for 22 gold pieces
   937 | D:1      | Bought a scroll of identify for 22 gold pieces
  1351 | D:3      | Reached skill level 5 in Axes
  1351 | D:3      | Reached skill level 1 in Ranged Weapons
  1456 | D:3      | Noticed Terence
  1466 | D:3      | Killed Terence
  1467 | D:3      | Reached XP level 4. HP: 41/41 MP: 3/3
  1496 | D:3      | Found an opulent altar of Gozag.
  1507 | D:3      | Found a sparkling altar of Nemelex Xobeh.
  1608 | D:3      | Found a glowing drain.
  1624 | Sewer    | Entered a sewer
  1652 | Sewer    | Noticed a brain worm
  1660 | Sewer    | Killed a brain worm
  1661 | Sewer    | Reached XP level 5. HP: 47/47 MP: 4/4
  1706 | Sewer    | Noticed Pargi
  1716 | Sewer    | Killed Pargi
  1717 | Sewer    | Reached skill level 5 in Fighting
  1717 | Sewer    | Reached skill level 6 in Axes
  1717 | Sewer    | Reached XP level 6. HP: 56/56 MP: 5/5
  1934 | D:1      | Bought a scroll of teleportation for 33 gold pieces
  2020 | D:3      | Found a shimmering altar of Xom.
  2608 | D:4      | Found a glowing golden altar of the Shining One.
  2864 | D:4      | Reached skill level 7 in Axes
  2864 | D:4      | Reached XP level 7. HP: 30/61 MP: 6/6
  3154 | D:4      | Found an ornate altar of the Wu Jian Council.
  3154 | D:4      | Found a hide-covered altar of Uskayaw.
  3209 | D:4      | Found Ecvoole's Antique Weapon Shoppe.
  3366 | D:5      | Entered Level 5 of the Dungeon
  3387 | D:5      | Reached *** piety under Trog
  3502 | D:5      | Reached skill level 5 in Ranged Weapons
  3668 | D:5      | Reached skill level 1 in Evocations
  3793 | D:5      | Reached skill level 8 in Axes
  4194 | D:6      | Reached XP level 8. HP: 70/70 MP: 7/7
  4300 | D:6      | Found a blossoming altar of Fedhas.
  4569 | D:6      | Found a staircase to the Ecumenical Temple.
  4570 | D:6      | Noticed a gargoyle
  4594 | D:6      | Killed a gargoyle
  4595 | D:6      | Reached skill level 9 in Axes
  5324 | D:7      | Reached XP level 9. HP: 73/79 MP: 8/8
  5565 | D:7      | Noticed Menkaure
  5573 | D:7      | Killed Menkaure
  5579 | D:7      | Noticed Jeremiah
  5604 | D:7      | Killed Jeremiah
  5605 | D:7      | Reached skill level 10 in Axes
  6023 | D:8      | Noticed Pikel
  6028 | D:8      | Killed Pikel
  6171 | D:8      | Reached **** piety under Trog
  6378 | D:8      | Noticed Maurice
  6384 | D:8      | Maurice stole a ring of fire
  6385 | D:8      | Maurice stole 33 poisoned darts
  6388 | D:8      | Killed Maurice
  6389 | D:8      | Reached skill level 11 in Axes
  6486 | D:8      | Reached XP level 10. HP: 88/88 MP: 9/9
  7128 | D:8      | Noticed a cyclops
  7140 | D:8      | Killed a cyclops
  7149 | D:8      | Reached skill level 10 in Ranged Weapons
  7367 | D:8      | Reached skill level 12 in Axes
  7719 | D:8      | Identified the +1 ring mail of Oleb {Str+7}
  7719 | D:8      | Noticed Grum
  7733 | D:8      | Killed Grum
  7734 | D:8      | Reached skill level 5 in Evocations
  8260 | D:9      | Noticed a deep elf pyromancer
  8383 | D:8      | Killed a deep elf pyromancer
  8384 | D:8      | Reached XP level 11. HP: 91/97 MP: 10/10
  8723 | D:9      | Found a staircase to the Lair.
  8725 | D:9      | Identified the +0 robe of Negation {rF+ Str+2 Int+4 Dex+3}
  9056 | D:9      | Found a sacrificial altar of Ru.
  9176 | D:9      | Identified a scroll of acquirement
  9176 | D:9      | Acquired 1152 gold pieces
  9354 | D:1      | Bought a scroll of acquirement for 572 gold pieces
  9354 | D:1      | Acquired the +4 longbow of Ziumext {drain, rElec rCorr
                  | Str+4 Dex+3}
  9810 | D:9      | Reached skill level 13 in Axes
  9839 | D:10     | Entered Level 10 of the Dungeon
  9961 | D:10     | Found a basalt altar of Yredelemnul.
 10052 | D:10     | Found Ulomugh's Weapon Shoppe.
 10059 | D:10     | Bought a +0 battleaxe for 71 gold pieces
 10134 | D:10     | Found a broken altar of Ashenzari.
 10388 | D:10     | Noticed a deep elf pyromancer
 10395 | D:10     | Killed a deep elf pyromancer
 10485 | Lair:1   | Entered Level 1 of the Lair of Beasts
 11072 | D:10     | Bought the +5 great mace of Currency {freeze, Str+5 Dex-3}
                  | for 526 gold pieces
 11297 | Lair:2   | Reached skill level 10 in Fighting
 11498 | Lair:2   | Noticed a bog body
 11509 | Lair:2   | Reached skill level 14 in Axes
 12364 | Lair:2   | Killed a bog body
 12365 | Lair:2   | Reached XP level 12. HP: 105/107 MP: 11/11
 12482 | Lair:2   | Noticed a death yak
 12486 | Lair:2   | Noticed a death yak
 12498 | Lair:2   | Killed a death yak
 12502 | Lair:2   | Killed a death yak
 12503 | Lair:2   | Reached skill level 5 in Armour
 12509 | Lair:2   | Noticed Fannar
 12530 | Lair:2   | HP: 1/108 [black mamba (11)]
 12530 | Lair:2   | Mangled by Fannar

Illustrated notes

Levels and vault maps discovered:
D:1:      dpeg_arrival_simpleton_a, layout_rooms,
          shapermc_ecumenical_altar_pompeii, serial_shops, shop
D:2:      layout_loops_cross, amethyst_killhole
D:3:      layout_loops_ring, lemuel_tele_altar,
          nemelex_xobeh_ov_fountains_minmay, grunt_gozag_statues,
          gup_sewer_entry_pipe, uniq_terence
D:4:      layout_rooms, tso_oasis_becter, gammafunk_temple_overflow_statue,
          serial_shops, nicolae_shop_temple_entry_statues_fountains
D:5:      layout_loops_ring
D:6:      layout_cave_pods, old_standard_altar, minmay_temple_entry_mini_moons
D:7:      layout_loops_ring, minmay_misc_feat_hallway, uniq_jeremiah,
          uniq_menkaure
D:8:      nzn_winding_woodlands_medium [nzn_winding_woodlands_hourglass,
          nzn_winding_woodlands_5x15_lazy_stream,
          nzn_winding_woodlands_5x5_three, nzn_winding_woodlands_5x5_open_star,
          nzn_winding_woodlands_center_lodge, nzn_winding_woodlands_5x5_cross,
          nzn_winding_woodlands_5x5_closed_star,
          nzn_winding_woodlands_5x15_pathside_ponds,
          nzn_winding_woodlands_5x5_checkerboard], layout_rooms, uniq_pikel,
          uniq_grum, uniq_maurice
D:9:      layout_rooms, nicolae_ru_path_of_blood, erik_lair_orcish_takeover,
          serial_co_window_serial, co_window_paths_b, co_window_paths_a,
          co_window_paths_b, co_window_corner_a, co_window_corner_a,
          co_window_paths_a, co_window_corner_a, co_window_broadway_a,
          co_window_broadway_c, co_window_broadway_b, co_window_2corner,
          glass_columns_b, glass_columns_a, glass_columns_a
D:10:     layout_rooms, mainiacjoe_overflow_small_starburst, pf_just_have_faith,
          serial_shops, nicolae_shop_tiny_statue_garden, billiards_dpeg
Lair:1:   layout_hall_layers, lemuel_fruit_tree, lemuel_fruit_fields
Lair:2:   layout_gridlike, nicolae_swamp_entry_splash_gauntlet, uniq_fannar

Skill      XL: |  1  2  3  4  5  6  7  8  9 10 11 12 |
---------------+-------------------------------------+-----
Axes           | 4 5 6 7 8 9 11 12 14 | 14.5
Fighting       | 4 5 6 7 8 9 10 | 10.6
Ranged Weapons | 1 2 3 4 5 7 9 10 12 | 12.7
Evocations     | 1 2 4 5 6 |  6.6
Armour         | 4 5 |  5.0
Dodging        | |  2.1

Action                     |  1- 3 |  4- 6 |  7- 9 | 10-12 || total
---------------------------+-------+-------+-------+-------++-------
  Melee: Hand axe          |    65 |    87 |     6 |       ||   158
         Headbutt          |     9 |    15 |    44 |    74 ||   142
         Trident           |       |       |   240 |    69 ||   309
         War axe           |       |       |       |   138 ||   138
         Battleaxe         |       |       |       |   133 ||   133
   Fire: Sling             |    12 |    64 |     8 |       ||    84
         Arbalest          |       |       |       |    28 ||    28
         Longbow           |       |       |       |    72 ||    72
  Throw: Dart              |       |     3 |    12 |     7 ||    22
         Stone             |       |       |     4 |       ||     4
 Invoke: Berserk           |     2 |     3 |     4 |    13 ||    22
         Trog's Hand       |     1 |     1 |    10 |    20 ||    32
  Evoke: Wand              |       |       |    10 |     4 ||    14
    Use: Scroll            |     5 |     1 |     6 |    13 ||    25
         Potion            |       |       |       |     3 ||     3
 Armour: Animal skin       |    20 |       |       |       ||    20
         Ring mail         |    16 |       |       |       ||    16
         Chain mail        |       |   102 |    27 |       ||   129
         Plate armour      |       |       |   140 |   443 ||   583
  Dodge: Dodged            |    38 |    44 |    71 |   113 ||   266
  Block: Buckler           |       |       |    10 |     9 ||    19

Table legend: (Time is in decaauts)
 A = Elapsed time spent in this place.
 B = Non-inter-level travel time spent in this place.
 C = Inter-level travel time spent in this place.
 D = Time resting spent in this place.
 E = Time spent auto-exploring this place.
 F = Levels seen in this place.
 G = Mean time per level.
                   A        B        C        D        E       F      G
               +--------+--------+--------+--------+--------+-----+--------+
         Total |  12806 |  11918 |    888 |   3668 |   5804 |  13 |  985.1 |
       Dungeon |  10592 |   9733 |    859 |   2577 |   5172 |  10 | 1059.2 |
          Lair |   2007 |   1978 |     29 |    984 |    595 |   2 | 1003.5 |
         Sewer |    206 |    206 |      0 |    107 |     37 |   1 |  206.0 |
               +--------+--------+--------+--------+--------+-----+--------+

Top non-repeatable levels by time:
     D:8: 2370 daAuts
  Lair:1: 1327 daAuts
     D:9: 1248 daAuts
     D:6: 1214 daAuts
     D:3: 1025 daAuts
     D:4: 871 daAuts
     D:5: 839 daAuts
     D:2: 829 daAuts
     D:7: 789 daAuts
    D:10: 709 daAuts
     D:1: 694 daAuts
  Lair:2: 679 daAuts
   Sewer: 206 daAuts
